 Dungeon Crawl Stone Soup version 0.28-a0-983-g1de4e0787c (webtiles) character file.

Game seed: 13457043595888501059

481 TheGamechu the Poker (level 7, -1/55 HPs)
             Began as a Merfolk Gladiator on Dec 1, 2021.
             Was a Priest of Nemelex Xobeh.
             Killed from afar by Dowan (23 damage)
             ... with a shard of ice
             ... on level 4 of the Dungeon on Dec 2, 2021.
             The game lasted 00:12:04 (3596 turns).

TheGamechu the Poker (Merfolk Gladiator)            Turns: 3596, Time: 00:12:04

Health: -1/55      AC: 11    Str: 20    XL:     7   Next: 12%
Magic:  7/7        EV:  8    Int:  8    God:    Nemelex Xobeh [***...]
Gold:   157        SH:  5    Dex: 17    Spells: 6/6 levels left

rFire   . . .      SeeInvis .   a - +0 trident
rCold   . . .      Faith    .   (no shield)
rNeg    . . .      Spirit   .   m - +0 plate armour {rPois}
rPois   +          Reflect  +   c - +0 helmet
rElec   .          Harm     .   (no cloak)
rCorr   .          Rampage  .   (no gloves)
Will    .....                   (no boots)
Stlth   ..........              o - amulet of reflection
HPRegen 0.18/turn               l - +6 ring of strength
MPRegen 0.10/turn               (no ring)

@: no status effects
A: (nimble swimmer 2), mertail
a: Renounce Religion, Draw Escape, Draw Destruction, Draw Summoning, Triple Draw


You were on level 4 of the Dungeon.
You worshipped Nemelex Xobeh.
Nemelex Xobeh was most pleased with you.
You visited 1 branch of the dungeon, and saw 4 of its levels.

You collected 157 gold pieces.

Inventory:

Hand Weapons
 a - a +0 trident (weapon)
Missiles
 b - 9 poisoned darts
 d - 3 throwing nets (quivered)
 e - 35 stones
 n - 4 boomerangs
Armour
 c - a +0 helmet (worn)
 k - a +0 tower shield of protection
 m - a +0 plate armour of poison resistance (worn)
Jewellery
 l - a +6 ring of strength (left hand)
 o - an amulet of reflection (around neck)
Scrolls
 i - 3 scrolls of teleportation
 p - a scroll of immolation {unknown}
Potions
 f - a potion of resistance {unknown}
 g - a potion of flight
 h - 2 potions of heal wounds {unknown}
 j - 2 potions of attraction {unknown}
 q - a potion of magic {unknown}
 r - a potion of degeneration {unknown}
 s - a potion of haste {unknown}


   Skills:
 + Level 4.6 Fighting
 + Level 6.8 Polearms
 - Level 2.0 Throwing
 + Level 6.2 Dodging
 + Level 3.1 Shields


You had 6 spell levels left.
You didn't know any spells.
Your spell library contained the following spells:

 Spells                   Type           Power      Damage    Failure   Level
 Animate Skeleton         Necr           0%         N/A       100%        1
 Pain                     Necr           0%         1d4       100%        1
 Blink                    Tloc           0%         N/A       100%        2
 Vampiric Draining        Necr           0%         2d6       100%        3
 Manifold Assault         Tloc           0%         N/A       100%        5
 Storm Form               Tmut/Air       0%         N/A       100%        7


Dungeon Overview and Level Annotations

Branches:
Dungeon (4/15)
 Temple: D:4-7

Altars:
Nemelex Xobeh
Okawaru
Wu Jian

Annotations:
D:4 Dowan


Innate Abilities, Weirdness & Mutations

((You are quick and stealthy near water. (Stealth+, EV+, Speed+++)))
Your lower body shifts to a powerful aquatic tail in water.


Message History

Duvessa is severely wounded.
Duvessa hits you but does no damage.
You puncture Duvessa!
Duvessa is almost dead.
You block Duvessa's attack.
You hit Duvessa but do no damage.
Duvessa is almost dead.
Duvessa hits you with a +0 short sword!
You are too injured to fight recklessly!
You are too injured to fight recklessly!
You are too injured to fight recklessly!
You are too injured to fight recklessly!
You hit Duvessa.
You kill Duvessa!
You hear a distant wail of despair.
Your Dodging skill increases to level 6!
Your Shields skill increases to level 3!
You have reached level 7!
Dowan, Brother of Duvessa comes into view.
He is wielding a +0 dagger and wearing a +2 robe of cold resistance.
Things that are here:
a +0 short sword; a +0 leather armour; the elf corpse of Duvessa Dowan shouts!
Dowan seems to find hidden reserves of power!
Dowan gestures at you while chanting.
The stone arrow reflects off an invisible shield around you!
The stone arrow hits Dowan!
Dowan hits you but does no damage.
Dowan gestures wildly while chanting.
Dowan blinks!
Dowan mumbles some strange words.
Dowan blinks!
Dowan points at you and mumbles some strange words.
The stone arrow hits you. Dowan casts a spell at you.
The stone arrow hits you but does no damage.
Dowan says, "Magic will overcome all!"
Dowan gestures at you while chanting. The shard of ice hits you!!
You die...
Your body disappears without a glow.

####.## ##..##
###....#### ##..##
#.........###..##
#.........##...#
#.........#...##
#............##
#...........##
............##
.##.......@##
#........#
##......e#
#.......## .
#........####...
##.....#........
###..##..#####.
####..#########
####.........ยง...


You could see Dowan (fast).

Vanquished Creatures
  Duvessa (D:4)
  A swamp drake (D:4)
  A lemure (D:4)
  3 hounds
  2 orc wizards (D:3)
  An adder (D:3)
  3 worms
  2 dart slugs
  11 orcs (D:3)
  2 bats
  5 endoplasms
  3 giant cockroaches
  4 goblins
  6 hobgoblins
  4 kobolds
  5 quokkas
  4 ball pythons
  3 rats
61 creatures vanquished.

Vanquished Creatures (collateral kills)
  An adder (D:3)
  2 orcs (D:3)
3 creatures vanquished.

Grand Total: 64 creatures vanquished

Notes
Turn   | Place    | Note
-------+----------+-------------------------------------------
     0 | D:1      | TheGamechu the Merfolk Gladiator began the quest for the
                  | Orb.
     0 | D:1      | Reached XP level 1. HP: 16/16 MP: 1/1
   237 | D:1      | Reached XP level 2. HP: 23/23 MP: 2/2
   366 | D:1      | Found a faded altar of an unknown god.
   386 | D:1      | Prayed at the altar of an unknown god.
   386 | D:1      | Became a worshipper of Nemelex Xobeh the Trickster
   386 | D:1      | Reached * piety under Nemelex Xobeh
   416 | D:1      | Received a gift from Nemelex Xobeh
  1098 | D:2      | Reached XP level 3. HP: 28/28 MP: 3/3
  1140 | D:2      | Identified a scroll of acquirement
  1140 | D:2      | Acquired a +0 plate armour of poison resistance
  1231 | D:2      | Upgraded the game from 0.28-a0-973-ga7f8b01127 to
                  | 0.28-a0-983-g1de4e0787c
  1246 | D:2      | Reached skill level 5 in Polearms
  1301 | D:2      | Reached ** piety under Nemelex Xobeh
  2059 | D:3      | Reached skill level 1 in Shields
  2059 | D:3      | Reached XP level 4. HP: 15/35 MP: 4/4
  2357 | D:3      | Reached skill level 5 in Dodging
  2527 | D:3      | Reached XP level 5. HP: 28/41 MP: 5/5
  2948 | D:3      | You fall into a shaft and drop 1 floor!
  2973 | D:4      | Found an ornate altar of the Wu Jian Council.
  2973 | D:4      | Found an iron altar of Okawaru.
  2989 | D:4      | Noticed Grinder
  2989 | D:4      | Noticed an ogre
  2997 | D:4      | Noticed a swamp drake
  2997 | D:4      | an ogre changed into a swamp drake
  2997 | D:4      | Noticed Grinder
  2997 | D:4      | Grinder changed into Grinder the lemure
  3007 | D:4      | Killed a swamp drake
  3008 | D:4      | Reached XP level 6. HP: 31/48 MP: 6/6
  3013 | D:4      | Killed Grinder the lemure
  3480 | D:4      | Reached *** piety under Nemelex Xobeh
  3560 | D:4      | Noticed Duvessa
  3582 | D:4      | Killed Duvessa
  3583 | D:4      | Reached XP level 7. HP: 26/55 MP: 7/7
  3583 | D:4      | Noticed Dowan
  3596 | D:4      | Killed from afar by Dowan

Illustrated notes

Levels and vault maps discovered:
D:1:      lightli_arrival_farm, layout_rooms,
          shapermc_ecumenical_altar_mp_vishouse
D:2:      layout_loops_corners, nicolae_wormholes
D:3:      layout_loops_cross, uniq_ijyb
D:4:      layout_cave_pods, jmf_multi_god_temple,
          beargit_hepliaklqana_dungeon_heroes, mainiacjoe_overflow_brackets,
          serial_shops, shop, uniq_grinder, uniq_duvessa

Skill      XL: |  1  2  3  4  5  6 |
---------------+-------------------+-----
Polearms       | 5 6 |  6.8
Fighting       | 3 4 |  4.6
Shields        | 1 2 3 |  3.1
Dodging        | 5 6 |  6.2
Throwing       | |  2.0

Action                   |  1- 3 |  4- 6 |  7- 9 || total
-------------------------+-------+-------+-------++-------
Melee: Trident           |   115 |   155 |       ||   270
Invok: Draw Destruction  |     1 |     1 |       ||     2
       Draw Summoning    |       |     1 |       ||     1
  Use: Scroll            |     3 |     2 |       ||     5
Armor: Leather armour    |    10 |       |       ||    10
       Plate armour      |    31 |    73 |     2 ||   106
Dodge: Dodged            |    26 |    22 |       ||    48
Block: Tower shield      |    48 |   124 |       ||   172
       Reflection        |       |     1 |     1 ||     2
       Other             |       |     2 |     1 ||     3

Table legend: (Time is in decaauts)
 A = Elapsed time spent in this place.
 B = Non-inter-level travel time spent in this place.
 C = Inter-level travel time spent in this place.
 D = Time resting spent in this place.
 E = Time spent auto-exploring this place.
 F = Levels seen in this place.
 G = Mean time per level.
                   A        B        C        D        E       F      G
               +--------+--------+--------+--------+--------+-----+--------+
         Total |   3684 |   3563 |    121 |    560 |   2130 |   4 |  921.0 |
       Dungeon |   3684 |   3563 |    121 |    560 |   2130 |   4 |  921.0 |
               +--------+--------+--------+--------+--------+-----+--------+

Top non-repeatable levels by time:
     D:2: 1340 daAuts
     D:3: 1084 daAuts
     D:1: 879 daAuts
     D:4: 380 daAuts
